 Dungeon Crawl Stone Soup version 0.14-a0-1388-g200237c (webtiles) character file.

107641 Psiweapon the Warrior (level 16, -4/99 HPs)
             Began as a Gargoyle Fighter on Dec 7, 2013.
             Was a High Priest of Okawaru.
             Slain by a spriggan (5 damage)
             ... led by Kirke
             ... on Level 15 of the Dungeon on Dec 9, 2013.
             The game lasted 04:07:04 (37433 turns).

Psiweapon the Warrior (Gargoyle Fighter)           Turns: 37433, Time: 04:07:04

HP  -4/99        AC  0     Str 26      XL: 16   Next: 41%
MP  24/30        EV 15     Int  8      God: Okawaru [*****.]
Gold 2253        SH  0     Dex  9      Spells:  0 memorised, 15 levels left

rFire  . . .     SeeInvis .     r - melded +1 orc morningstar (crush)
rCold  . . .     Clarity  .     l - melded +1 plate armour {rN+}
rNeg   + . .     Conserve .     s - melded +0 dwarf shield {reflect}
rPois  +         rCorr    .     C - melded +1 dwarf winged helmet {Int+3}
rElec  .         rRot     +     e - melded +2 dwarf cloak {rCorr, Cons}
SustAb . .       Spirit   .     t - melded +1 pair of dwarf gloves
rMut   .         Warding  .     I - melded +0 pair of elf boots {run}
Saprov . . .     Stasis   .     X - amulet of rage
                                W - melded ring of see invisible
                                g - melded +4 ring of strength

@: pig-form, flying, heroism, finesse, glowing, very quick, somewhat resistant
to hostile enchantments, unstealthy
A: (large and strong wings), (claws 0), dopey 1, frail 1, mutation resistance 1,
life protection 1, (electricity resistance), (unbreathing), petrification
resistance, AC +11
a: Stop Flying, Heroism, Finesse, Renounce Religion, Evoke Berserk Rage


You were on level 15 of the Dungeon.
You worshipped Okawaru.
Okawaru was extremely pleased with you.
You were not hungry.
You were a filthy swine.
You visited 5 branches of the dungeon, and saw 33 of its levels.
You also visited: Ossuary.

You collected 2688 gold pieces.
You spent 435 gold pieces at shops.

Inventory:

Hand weapons
 r - a +1,+1 orcish morningstar of crushing (melded)
 J - a +0,-1 orcish war axe of electrocution
 O - a +2,+2 flail of protection
Armour
 e - a +2 dwarven cloak of preservation (melded)
 l - a +1 plate armour of positive energy (melded)
 s - a +0 dwarven shield of reflection (melded)
 t - a +1 pair of dwarven gloves (melded)
 C - a +1 dwarven winged helmet of intelligence (melded)
 I - a +0 pair of elven boots of running (melded)
Magical devices
 q - a wand of paralysis (9)
 x - a wand of invisibility (1)
 D - a wand of slowing (12)
 G - a wand of polymorph (13)
 H - a wand of enslavement (13)
 K - a wand of disintegration (5)
 L - a wand of teleportation (1)
 M - a wand of digging (8)
 S - a wand of heal wounds (5)
 U - a wand of digging (10)
Comestibles
 d - 13 bread rations
 n - 2 meat rations
Scrolls
 j - 5 scrolls of fog
 k - 5 scrolls of teleportation
 m - 5 scrolls of remove curse
 o - a scroll of magic mapping
 p - 5 scrolls of fear
 u - a scroll of amnesia
 v - 2 scrolls of immolation
 y - a scroll of summoning
 Q - 2 scrolls of blinking
 Z - 2 scrolls of identify
Jewellery
 g - a +4 ring of strength (melded)
 w - a +1 ring of evasion
 N - an uncursed amulet of resist mutation
 W - a ring of see invisible (melded)
 X - an amulet of rage (around neck)
Potions
 a - 2 potions of might
 b - a potion of agility
 h - 2 potions of porridge
 i - a potion of lignification
 z - 3 potions of heal wounds
 A - a potion of resistance
 B - 5 potions of curing
 E - a potion of restore abilities
 R - 2 potions of speed
Miscellaneous
 f - a lamp of fire
 P - a plain deck of dungeons {Water, drawn: 3}
 T - an ornate deck of defence {the Shadow, drawn: 1}
 V - a phial of floods
 Y - a box of beasts
Rods
 c - a +6 rod of inaccuracy (13/13)
   (You acquired it on level 2 of the Lair of Beasts)
 F - a +5 rod of the swarm (9/9)
   (You took it off an ogre on level 10 of the Dungeon)


   Skills:
 + Level 15.8(20.8) Fighting
 + Level 9.4(14.4) Axes
 - Level 13.9(18.9) Maces & Flails
 - Level 11.6(16.6) Armour
 + Level 11.2(16.2) Shields
 - Level 10.0 Invocations
 + Level 11.8 Evocations


You had 15 spell levels left.
You didn't know any spells.

Dungeon Overview and Level Annotations

Branches:
Dungeon (15/16)            Temple (1/1) D:5             Orc (4/4) D:9
    Elf (0/3) Orc:3          Lair (8/8) D:11         Shoals (0/5) Lair:3
  Snake (5/5) Lair:3       Vaults (0/5) D:14
  Slime: Lair:6-8

Altars:
Ashenzari
Cheibriados
Elyvilon
Fedhas
Kikubaaqudgha
Makhleb
Nemelex Xobeh
Okawaru
Sif Muna
Trog
Vehumet
Xom
Yredelemnul
Zin
the Shining One
Beogh

Shops:
D:4 *   D:7 }   D:8 !   D:10 =   D:15 %   Orc:3 %   Orc:4 ([[+

Annotations:
D:13 exclusion: ice statue
D:15 Kirke
Lair:3 exclusion: door
Lair:7 1 exclusion
Snake:2 2 exclusions


Innate Abilities, Weirdness & Mutations

You are resistant to torment.
You are immune to poison.
You can fly continuously.
((Your stone body is very resilient (AC +11).))*
((Your wings are large and strong.))*
You resist negative energy.
((You are resistant to electric shocks.))*
((You can survive without breathing.))*
You are immune to petrification.
((You have sharp fingernails.))*
You are dopey. (Int -2)
You are frail (-10% HP).
You are somewhat resistant to further mutation.


Message History

You can now deal lightning-fast blows.
You feel somewhat more hungry. The hog bites you!
* * * LOW HITPOINT WARNING * * *
The spriggan closely misses you. The hog closely misses you. Kirke hits you!
* * * LOW HITPOINT WARNING * * *
The hog closely misses you.
You hit Kirke.
Kirke is severely wounded.
The spriggan completely misses you. The hog closely misses you.
You hit Kirke.
Kirke is almost dead.
The spriggan completely misses you. The hog misses you. The hog bites you.
* * * LOW HITPOINT WARNING * * *
Kirke drinks a potion.
Kirke is healed!
You hit Kirke.
Kirke is severely wounded.
You bite Kirke!
Kirke is severely wounded.
The spriggan hits you.
You die...

#########
.......h.#
.......@h#
....∩..hi#
........#
........#
........#
.......#
......#
.....# ..#


You could see Kirke, 2 hogs and a spriggan.

Vanquished Creatures
  Saint Roka (Snake:3)
  Lamia (Snake:4)
  Donald (Orc:4)
  Aizul (Snake:3)
  The ghost of Chiseanne the Fetichist, a mighty DjAr of Nemelex Xobeh (Snake:2)
  4 vault guards (D:14)
  5 hydras
  Harold (D:14)
  Erica (Orc:2)
  3 anacondas
  4 orc high priests (Orc:4)
  10 naga warriors
  Urug (D:13)
  11 death yaks
  A centaur warrior (D:11)
  Nergalle (D:11)
  Erolcha (D:9)
  Pikel (D:5)
  A lindwurm (Snake:2)
  Joseph (D:7)
  An orc knight (Orc:3)
  4 hill giants
  An orc sorcerer (Orc:4)
  A wolf spider (D:10)
  32 black mambas
  A griffon (D:13)
  2 guardian serpents
  Maurice (D:9)
  3 cyclopes
  6 elephants (Lair:4)
  8 spiny frogs
  Psyche (Orc:1)
  2 feature mimics
  3 fire drakes
  A harpy zombie (D:13)
  8 naga magi
  7 trolls
  10 komodo dragons
  Sonja (Orc:2)
  A spriggan (D:7)
  Prince Ribbit (D:6)
  6 slime creatures
  21 blink frogs
  A boulder beetle (Lair:5)
  A trapdoor spider (Lair:6)
  A vampire (D:14)
  23 yaks
  5 basilisks
  4 hill giant zombies
  A shadow (D:14)
  4 ugly things (D:14)
  3 elephant slugs
  A hungry ghost (D:7)
  Eustachio (D:7)
  Grum (D:12)
  5 sharks
  3 manticores (D:14)
  6 hippogriffs
  4 vampire mosquitoes
  3 wolves (D:12)
  The ghost of Ladykiller69 the Slasher, an average HEGl (D:4)
  Edmund (D:6)
  2 steam dragons
  Menkaure (D:7)
  A necrophage (D:9)
  An ice beast (D:12)
  5 sky beasts
  11 porcupines
  3 phantoms
  30 orc warriors
  A mottled dragon (D:13)
  A yellow wasp (D:12)
  52 nagas
  10 ogres
  A centaur (shapeshifter) (D:14)
  A boring beetle (Lair:6)
  5 giant goldfish
  13 crocodiles
  Sigmund (D:7)
  7 big kobolds
  10 centaurs
  2 wargs
  A cyclops zombie (Orc:2)
  3 giant slugs
  Blork the orc (D:4)
  6 agate snails
  15 giant frogs
  19 water moccasins
  A cyclops skeleton (D:11)
  11 wights
  A yak zombie (D:12)
  9 jellyfish
  11 killer bees
  A yak skeleton (D:13)
  6 electric eels
  2 jellies
  46 orc priests
  4 centaur zombies (Ossuary)
  2 quasits
  A giant frog zombie (D:11)
  A goliath beetle (D:11)
  13 crimson imps
  12 hounds
  A centaur skeleton (D:7)
  4 scorpions
  5 big fish
  3 giant frog skeletons
  36 orc wizards
  2 water moccasin skeletons
  14 iguanas
  A two-headed ogre skeleton (D:11)
  15 sheep
  7 worker ants
  5 big kobold zombies (Ossuary)
  A sky beast zombie (D:6)
  Ijyb (D:4)
  A mottled dragon zombie (D:14)
  A big kobold skeleton (D:10)
  A mottled dragon skeleton (D:8)
  An ogre skeleton (D:4)
  5 mummies
  8 gnolls
  28 adders
  3 giant centipedes
  35 green rats
  2 giant mites
  An inept feature mimic (D:4)
  10 worms
  An iguana skeleton (D:8)
  A giant eyeball (D:11)
  5 giant geckos
  205 orcs
  3 ball pythons
  A bat skeleton (D:4)
  A bat zombie (D:6)
  16 goblins
  18 hobgoblins
  31 kobolds
  13 quokkas
  19 bats
  5 giant cockroaches
  A giant gecko zombie (D:9)
  7 giant newts
  2 giant spores
  A goblin skeleton (D:4)
  A goblin zombie (Orc:2)
  2 hobgoblin zombies (Ossuary)
  21 jackals
  A kobold skeleton (D:7)
  A kobold zombie (D:6)
  An orc simulacrum (Orc:2)
  2 orc skeletons (Orc:2)
  3 orc zombies
  17 rats
  7 spectral orcs (D:11)
  10 ballistomycetes
  8 plants
1161 creatures vanquished.

Vanquished Creatures (collateral kills)
  Fannar (Lair:1)
  Josephine (Orc:2)
  A statue (D:7)
  2 yaks (Lair:6)
  A wolf (D:12)
  An orc warrior (Snake:3)
  2 orcs (Snake:3)
  An orc simulacrum (Orc:2)
10 creatures vanquished.

Vanquished Creatures (others)
  4 fire elementals
  2 water elementals (D:14)
  An ice beast (D:5)
  A naga (Snake:2)
  A yellow wasp (D:11)
  A killer bee (Snake:2)
  2 spiders
  A worker ant (D:5)
  An orc priest (Orc:2)
  A worm (D:11)
  2 orcs (Orc:2)
  A giant spore (D:8)
  2 butterflies
  6 plants
  4 toadstools (D:1)
30 creatures vanquished.

Grand Total: 1201 creatures vanquished

Notes
Turn   | Place    | Note
--------------------------------------------------------------
     0 | D:1      | Psiweapon, the Gargoyle Fighter, began the quest for the Orb.
     0 | D:1      | Reached XP level 1. HP: 14/14 MP: 1/1
   247 | D:1      | Reached XP level 2. HP: 19/19 MP: 2/2
   797 | D:2      | Reached XP level 3. HP: 21/24 MP: 3/3
   939 | D:2      | Reached skill level 4 in Fighting
  1809 | D:3      | Reached XP level 4. HP: 29/29 MP: 4/4
  2080 | D:4      | Noticed Ladykiller69's ghost (average HEGl)
  2235 | D:5      | Entered Level 5 of the Dungeon
  2240 | D:5      | Found a sand-covered staircase.
  2377 | Ossuary  | Entered an ossuary
  2399 | Ossuary  | Reached XP level 5. HP: 33/33 MP: 5/5
  2535 | Ossuary  | Reached XP level 6. HP: 30/39 MP: 6/6
  2764 | Ossuary  | Reached skill level 5 in Fighting
  2844 | D:5      | Reached skill level 5 in Armour
  2844 | D:5      | Reached skill level 5 in Shields
  2894 | D:5      | Reached XP level 7. HP: 44/44 MP: 7/7
  3039 | D:5      | Noticed a slave
  3040 | D:5      | Noticed Pikel
  3040 | D:5      | Noticed a slave
  3040 | D:5      | Noticed a slave
  3041 | D:5      | Noticed a slave
  3135 | D:6      | Noticed Prince Ribbit
  3344 | D:6      | Found a shimmering altar of Xom.
  3357 | D:6      | Found a shimmering altar of Xom.
  3357 | D:6      | Found a shimmering altar of Xom.
  3358 | D:6      | Found a shimmering altar of Xom.
  3368 | D:6      | Found a shimmering altar of Xom.
  3368 | D:6      | Found a shimmering altar of Xom.
  3368 | D:6      | Found a shimmering altar of Xom.
  3446 | D:6      | Killed Prince Ribbit
  3513 | D:6      | Reached skill level 5 in Maces & Flails
  3513 | D:6      | Reached XP level 8. HP: 28/51 MP: 8/8
  3671 | D:6      | Found a shattered altar of Ashenzari.
  3672 | D:6      | Found a glowing golden altar of the Shining One.
  3761 | D:6      | Noticed Edmund
  3782 | D:6      | Killed Edmund
  3782 | D:6      | Reached skill level 6 in Fighting
  4072 | D:7      | Noticed a wizard statue
  4130 | D:7      | Found Ugrewublisko's Gadget Shoppe.
  4133 | D:7      | Noticed Eustachio
  4281 | D:7      | Noticed Sigmund
  4291 | D:7      | Killed Sigmund
  4351 | D:7      | Noticed a spriggan baker
  4365 | D:7      | Killed a spriggan baker
  4430 | D:7      | Noticed Joseph
  4465 | D:7      | Killed Joseph
  4465 | D:7      | Reached skill level 7 in Fighting
  4465 | D:7      | Reached XP level 9. HP: 13/57 MP: 9/9
  5155 | D:7      | Noticed Menkaure
  5164 | D:7      | Killed Menkaure
  5249 | D:5      | Killed Pikel
  5249 | D:5      | Reached skill level 8 in Fighting
  5449 | D:5      | Noticed an ogre
  5457 | D:5      | Killed an ogre
  5464 | D:5      | Found a staircase to the Ecumenical Temple.
  5498 | Temple   | Entered the Ecumenical Temple
  5568 | Temple   | Became a worshipper of Warmaster Okawaru
  5947 | D:4      | Noticed a sky beast
  5959 | D:4      | Killed a sky beast
  5967 | D:4      | Noticed Blork the orc
  5982 | D:4      | Killed Blork the orc
  5982 | D:4      | Reached XP level 10. HP: 61/64 MP: 10/10
  6291 | D:4      | Killed Ladykiller69's ghost
  6350 | D:4      | Found Struadiu's Assorted Antiques.
  6350 | D:4      | Noticed Ijyb
  6362 | D:4      | Killed Ijyb
  6369 | D:4      | Bought a potion of heal wounds for 66 gold pieces
  6761 | D:7      | Killed Eustachio
  7226 | D:8      | Found Stud's Distillery.
  7241 | D:8      | Bought a potion of poison for 14 gold pieces
  7241 | D:8      | Bought a potion of curing for 28 gold pieces
  7241 | D:8      | Bought a potion of berserk rage for 42 gold pieces
  7241 | D:8      | Bought a potion of might for 35 gold pieces
  7527 | D:8      | Acquired Okawaru's first power
  7947 | D:8      | Reached skill level 9 in Armour
  8285 | D:9      | Noticed Erolcha
  8305 | D:9      | Killed Erolcha
  8446 | D:9      | Noticed Maurice
  8463 | D:9      | Killed Maurice
  8530 | D:9      | Found a staircase to the Orcish Mines.
  8692 | D:9      | Reached XP level 11. HP: 57/71 MP: 11/11
  8938 | D:9      | Gained mutation: You are frail (-10% HP). [mutagenic meat]
  9006 | D:10     | Entered Level 10 of the Dungeon
  9158 | D:10     | Found Nelad's Jewellery Emporium.
  9366 | D:10     | Reached skill level 10 in Fighting
  9366 | D:10     | Reached skill level 10 in Armour
  9366 | D:10     | Reached skill level 10 in Shields
  9650 | D:10     | Noticed a hill giant
  9671 | D:10     | Killed a hill giant
  9833 | D:11     | Reached skill level 1 in Invocations
  9862 | D:11     | Reached skill level 1 in Evocations
  9893 | D:11     | Noticed a centaur warrior
  9894 | D:11     | Identified a cursed +5 rod of the swarm (9/9) (You took it off an ogre on level 10 of the Dungeon)
  9908 | D:11     | Killed a centaur warrior
 10010 | D:11     | Noticed Nergalle
 10054 | D:11     | Paralysed by a giant eyeball for 3 turns
 10101 | D:11     | Killed Nergalle
 10101 | D:11     | Reached skill level 10 in Maces & Flails
 10275 | D:11     | Found a staircase to the Lair.
 10771 | Lair:1   | Entered Level 1 of the Lair of Beasts
 10925 | Lair:1   | Noticed Fannar
 10927 | Lair:1   | Acquired Okawaru's second power
 10952 | Lair:1   | Killed Fannar
 11018 | Lair:1   | Reached XP level 12. HP: 45/71 MP: 19/19
 11171 | Lair:1   | Reached skill level 11 in Fighting
 12128 | Lair:2   | Reached skill level 5 in Invocations
 13003 | Lair:3   | Noticed a four-headed hydra
 13061 | Lair:3   | Killed a four-headed hydra
 13088 | Lair:3   | Reached skill level 5 in Evocations
 13142 | Lair:3   | Received a gift from Okawaru
 13143 | Lair:3   | Got an ichor-stained longbow {god gift}
 13144 | Lair:3   | Identified the +6,+6 longbow of the Lettuce {velocity, Stlth+} (Okawaru gifted it to you on level 3 of the Lair of Beasts)
 13144 | Lair:3   | Identified the +6,+6 longbow of the Lettuce {velocity, Stlth+} (Okawaru gifted it to you on level 3 of the Lair of Beasts)
 13428 | Lair:3   | Found a staircase to the Shoals.
 13439 | Lair:3   | Found a staircase to the Snake Pit.
 13809 | Lair:3   | Found a glowing silver altar of Zin.
 14572 | Lair:3   | Reached skill level 12 in Fighting
 14919 | Lair:4   | Reached XP level 13. HP: 59/77 MP: 18/24
 14987 | Lair:4   | Received a gift from Okawaru
 15005 | Lair:4   | Got a smoking ice dragon armour {god gift}
 15051 | Lair:3   | Identified the -1 ice dragon armour "Pojuj" {rF- rC++ MR++} (Okawaru gifted it to you on level 4 of the Lair of Beasts)
 15597 | D:12     | Noticed Grum
 15619 | D:12     | Killed Grum
 16595 | D:13     | Noticed Urug
 16610 | D:13     | Killed Urug
 17231 | D:4      | Bought a scroll labeled PUCAOG TATOSO for 22 gold pieces
 17231 | D:4      | Bought a scroll of enchant weapon I for 121 gold pieces
 17231 | D:4      | Bought a scroll labeled LAFUTO CLIQARCH for 22 gold pieces
 17332 | D:7      | Killed a wizard statue
 17627 | D:13     | Found a blossoming altar of Fedhas.
 18587 | D:14     | Found a gate to the Vaults.
 18587 | D:14     | Noticed a vault guard
 18587 | D:14     | Noticed a vault guard
 18587 | D:14     | Noticed a vault guard
 18589 | D:14     | Noticed a vault guard
 18614 | D:14     | Killed a vault guard
 18614 | D:14     | Reached skill level 13 in Fighting
 18627 | D:14     | Killed a vault guard
 18669 | D:14     | Killed a vault guard
 18711 | D:14     | Killed a vault guard
 18711 | D:14     | Received a gift from Okawaru
 18728 | D:14     | Identified a +0 pair of elven boots of running (Okawaru gifted it to you on level 14 of the Dungeon)
 18762 | D:14     | Noticed Harold
 18783 | D:14     | Killed Harold
 18783 | D:14     | Gained mutation: Your wings are large and strong. [gargoyle growth]
 18783 | D:14     | Reached XP level 14. HP: 51/84 MP: 27/27
 20247 | Lair:4   | Noticed a seven-headed hydra
 20254 | Lair:4   | Killed a seven-headed hydra
 21755 | Lair:5   | Reached skill level 10 in Invocations
 22477 | Lair:6   | Received a gift from Okawaru
 23766 | Lair:7   | Reached skill level 14 in Fighting
 24589 | Lair:6   | Received a gift from Okawaru
 24933 | Lair:8   | Entered Level 8 of the Lair of Beasts
 25260 | Orc:1    | Entered Level 1 of the Orcish Mines
 25492 | D:9      | Upgraded the game from 0.14-a0-1361-g0512ea0 to 0.14-a0-1378-gf8e6a88
 25658 | Snake:1  | Entered Level 1 of the Snake Pit
 25714 | Snake:1  | Reached skill level 1 in Axes
 26425 | Orc:2    | Noticed Erica
 26561 | Orc:2    | Noticed Sonja
 26577 | Orc:2    | Killed Sonja
 26614 | Orc:1    | Noticed Psyche
 26622 | Orc:1    | Paralysed by Psyche for 2 turns
 26629 | Orc:1    | Killed Psyche
 26629 | Orc:1    | Reached skill level 10 in Evocations
 27309 | Orc:1    | Reached XP level 15. HP: 49/90 MP: 28/28
 27484 | Orc:2    | Noticed Josephine
 27512 | Orc:2    | Killed Josephine
 27887 | Orc:2    | Killed Erica
 28289 | Orc:3    | Found Shreuk's Food Boutique.
 28356 | Orc:3    | Found a staircase to the Elven Halls.
 28473 | Orc:2    | Found a bloodstained altar of Trog.
 28563 | Orc:4    | Entered Level 4 of the Orcish Mines
 28565 | Orc:4    | Noticed Donald
 28590 | Orc:4    | Killed Donald
 28660 | Orc:4    | Found a roughly hewn altar of Beogh.
 29906 | Orc:4    | Found Skorph's Book Shoppe.
 29906 | Orc:4    | Found Dudwitra's Armour Emporium.
 29925 | Orc:4    | Found Cogg's Antique Weapon Emporium.
 30081 | Orc:4    | Found Sinemal's Armour Shoppe.
 30095 | Orc:4    | Bought a +0 dwarven cloak of preservation for 85 gold pieces
 30121 | Orc:4    | Reached skill level 5 in Axes
 30411 | Lair:2   | Identified a +4 rod of inaccuracy (11/11) (You acquired it on level 2 of the Lair of Beasts)
 31532 | Snake:1  | Upgraded the game from 0.14-a0-1378-gf8e6a88 to 0.14-a0-1388-g200237c
 31764 | Snake:2  | Received a gift from Okawaru
 31834 | Snake:2  | Reached skill level 15 in Fighting
 32352 | Lair:2   | TomPliss: that's a weird stash :D
 32352 | Lair:2   | Psiweapon: hey there! :)
 32352 | Lair:2   | Psiweapon: yeah
 32352 | Lair:2   | Psiweapon: I kind of like having it categorized
 32352 | Lair:2   | TomPliss: yeah, me too
 32352 | Lair:2   | TomPliss: but I meant, as a corridor with no room next :D
 32352 | Lair:2   | Psiweapon: I'm the worst, this game is becoming Super Tedium OCD Stash Mania 3000
 32353 | Lair:2   | TomPliss: (I usually have columns of weapons, armor, jewellery, books, and stuff categorized like that)
 32353 | Lair:2   | Psiweapon: haha
 32363 | Lair:2   | Psiweapon: hey
 32363 | Lair:2   | Psiweapon: card power rose a bit with Evocations, for non-nemelexites right?
 32363 | Lair:2   | TomPliss: yeap
 32364 | Lair:2   | TomPliss: and it lets you get the more powerful effects, too, I think
 32364 | Lair:2   | Psiweapon: then I'm going to keep that Helix card here
 32364 | Lair:2   | Psiweapon: dude look
 32364 | Lair:2   | Psiweapon: I'M FRAIL
 32364 | Lair:2   | Psiweapon: AND NO FRICKING CURE MUTATION
 32364 | Lair:2   | Psiweapon: GARGOYLE AND FRAIL
 32365 | Lair:2   | TomPliss: and 42 AC , do'nt worry
 32365 | Lair:2   | TomPliss: as long as you don't go for smiters / hellfire/ torment, it's all right
 32382 | Lair:2   | TomPliss: long bow of lettuce.
 32384 | Lair:2   | Psiweapon: Yes.
 32384 | Lair:2   | TomPliss: now that's scary
 32384 | Lair:2   | Psiweapon: only artifact gift from Grandma Okawaru up to now
 32394 | Lair:2   | TomPliss: non artifact are enchantable, at least
 32395 | Lair:2   | Psiweapon: Yes but, come on... i don't have a single archery skillpoint
 32395 | Lair:2   | Psiweapon: wtf
 32395 | Lair:2   | Psiweapon: OF LETTUCE.
 32640 | Snake:2  | Psiweapon: I love this kind of level layout
 32653 | Snake:2  | TomPliss: nearly looks like a smiley, for now
 32710 | Snake:2  | TomPliss: anyway, am going to play too ... see ya
 32764 | Snake:2  | Psiweapon: have fun!
 32947 | Snake:2  | Noticed Chiseanne's ghost (mighty DjAr)
 32972 | Snake:2  | Killed Chiseanne's ghost
 33849 | Snake:3  | Noticed Aizul
 33869 | Snake:3  | Killed Aizul
 34099 | Snake:3  | Noticed Saint Roka
 34122 | Snake:3  | Killed Saint Roka
 34122 | Snake:3  | Reached XP level 16. HP: 34/97 MP: 30/30
 34481 | Snake:3  | Received a gift from Okawaru
 35319 | Snake:4  | Gained mutation: You are dopey. (Int -2) [mutagenic meat]
 35320 | Snake:4  | Gained mutation: You have sharp fingernails. [mutagenic meat]
 35321 | Snake:4  | Gained mutation: You are somewhat resistant to further mutation. [mutagenic meat]
 35749 | Snake:4  | Noticed Lamia
 36186 | Snake:4  | Killed Lamia
 36264 | Snake:5  | Entered Level 5 of the Snake Pit
 36294 | Snake:4  | Received a gift from Okawaru
 37365 | D:15     | Entered Level 15 of the Dungeon
 37419 | D:15     | Found Pruusaad's Food Emporium.
 37419 | D:15     | Noticed Kirke
 37429 | D:15     | HP: 4/99 [Kirke (11)]
 37431 | D:15     | HP: 1/99 [hog[Kirke] (3)]
 37433 | D:15     | Slain by a spriggan

Action                   |  1- 3 |  4- 6 |  7- 9 | 10-12 | 13-15 | 16-18 || total
-------------------------+-------+-------+-------+-------+-------+-------++-------
Melee: Mace              |   134 |   181 |   435 |    45 |       |       ||   795
       Flail             |       |       |       |  1274 |   901 |    41 ||  2216
       Whip              |       |       |       |   113 |       |       ||   113
       War axe           |       |       |       |    95 |   398 |   189 ||   682
       Morningstar       |       |       |       |    50 |   962 |   128 ||  1140
       Rod               |       |       |       |       |     4 |       ||     4
       Unarmed           |       |       |       |       |       |    16 ||    16
Throw: Stone             |     2 |     8 |       |       |       |       ||    10
       Throwing net      |       |     5 |     4 |       |       |       ||     9
       Javelin           |       |       |     3 |    42 |     6 |       ||    51
Invok: Heroism           |       |       |       |    11 |    18 |     3 ||    32
       Finesse           |       |       |       |     1 |     6 |     2 ||     9
 Abil: Fly               |       |       |       |       |     1 |       ||     1
Evoke: Wand              |     2 |     7 |    18 |    20 |    41 |     5 ||    93
       Rod               |       |       |       |     3 |    28 |    25 ||    56
       Deck              |       |       |       |     3 |     1 |       ||     4
       box of beasts     |       |       |       |       |     5 |       ||     5
       phial of floods   |       |       |       |       |     2 |       ||     2
       lamp of fire      |       |       |       |       |     2 |       ||     2
  Use: Scroll            |       |     5 |     6 |    17 |    19 |     6 ||    53
       Potion            |       |       |     5 |     8 |     6 |     1 ||    20
 Stab: Held in net/web   |       |     1 |     1 |       |       |       ||     2
       Paralysed         |       |       |       |       |     1 |       ||     1
       Invisible         |       |       |       |       |     3 |       ||     3
       Distracted        |       |       |       |       |     1 |       ||     1
